Map: [ESL] Gresvan

Players

Mixu

  • Race: Zerg Zerg
  • League: Grandmaster
  • Spawn Location: 5:00

ShoWTimE - Winner!

  • Race: Protoss Protoss
  • League: Grandmaster
  • Spawn Location: 11:00

Event: HomeStory Cup XXIII

VOD

Have the link to the VOD?

Description

Time

  • Played on: July 1, 2023, 11:48 a.m.
  • Length: 5:18

All games in this series

Show
View Real Time Build Order
Export as new Build Order

Mixu Zerg 

Build Orders: Hatch First 

Get SALT Encoding   

  12  0:00  Drone  
  13  0:12  Overlord  
  13  0:16  Drone  
  14  0:30  Drone x2  
  16  0:48  Hatchery  
  15  0:50  Drone  
  15  0:55  Drone  
  17  0:58  Drone  
  18  1:09  Extractor  
  17  1:12  Spawning Pool  
  17  1:16  Drone  
  17  1:19  Drone  
  18  1:27  Drone  
  19  1:38  Drone  
  20  1:50  Overlord  
  20  1:59  Queen  
  20  2:00  Queen  
  20  2:01  Zergling x4  
  26  2:11  Drone x2, Metabolic Boost  
  28  2:21  Drone x2  
  30  2:35  Hatchery  
  29  2:40  Drone  
  30  2:44  Queen  
  30  2:49  Drone  
  33  2:52  Overlord  
  33  2:55  Drone  
  33  2:56  Drone  
  35  2:59  Drone  
  36  3:08  Overlord  
  36  3:09  Queen  
  38  3:13  Drone  
  38  3:16  Zergling x4  
  41  3:21  Evolution Chamber  
  41  3:24  Drone x2  
  42  3:27  Drone x2  
  40  3:45  Drone x4  
  40  3:47  Drone  
  44  3:50  Drone  
  44  3:52  Drone  
  46  3:55  Spore Crawler  
  45  4:04  Drone x4  
  47  4:20  Drone  
  47  4:23  Drone x7  
  54  4:32  Overlord  
  54  4:33  Drone x2  
  54  4:34  Drone x2  
  58  4:43  Drone x2  
  58  4:47  Overlord, Spore Crawler  
  58  4:50  Zergling x2  
  58  4:55  Zergling x6  
  58  5:01  Drone  
Show
View Real Time Build Order
Export as new Build Order

ShoWTimE Protoss - Winner!

Build Orders: 1 Gate Expand, Oracle Opening 

Get SALT Encoding   

  12  0:00  Probe  
  13  0:12  Probe  
  14  0:18  Pylon  
  14  0:24  Probe (Chrono Boost)  
  15  0:36  Probe (Chrono Boost)  
  15  0:39  Gateway  
  16  0:45  Probe (Chrono Boost)  
  16  0:46  Assimilator  
  17  0:50  Probe  
  18  1:03  Probe  
  19  1:15  Probe  
  20  1:23  Nexus  
  20  1:33  Cybernetics Core  
  20  1:35  Probe  
  21  1:41  Assimilator  
  21  1:47  Probe  
  21  1:50  Pylon  
  22  1:59  Probe  
  23  2:07  Adept (Chrono Boost)  
  23  2:11  Probe  
  26  2:20  Stargate  
  26  2:23  Probe  
  26  2:27  Adept (Chrono Boost)  
  27  2:34  Warp Gate  
  27  2:35  Probe (Chrono Boost)  
  31  2:41  Probe (Chrono Boost)  
  32  2:45  Probe (Chrono Boost)  
  32  2:49  Probe (Chrono Boost), Adept  
  32  2:50  Probe (Chrono Boost)  
  35  2:55  Pylon  
  36  2:59  Probe  
  36  3:01  Probe  
  36  3:04  Oracle (Chrono Boost)  
  38  3:12  Probe  
  42  3:13  Probe  
  42  3:19  Adept  
  45  3:24  Probe  
  45  3:26  Probe  
  47  3:34  Gateway  
  47  3:36  Probe  
  47  3:38  Probe  
  47  3:40  Oracle (Chrono Boost)  
  49  3:48  Probe  
  51  3:50  Probe  
  51  3:51  Pylon  
  50  4:01  Probe  
  50  4:02  Nexus, Probe  
  52  4:05  Pylon  
  52  4:10  Oracle (Chrono Boost)  
  52  4:13  Probe  
  52  4:14  Probe  
  57  4:24  Assimilator  
  57  4:25  Probe  
  57  4:26  Probe, Assimilator, Adept  
  57  4:29  Adept  
  57  4:31  Pylon  
  63  4:38  Probe x2  
  64  4:42  Robotics Facility  
  65  4:50  Probe, Forge  
  65  4:51  Probe, Gateway  
  67  5:02  Probe  
  67  5:03  Probe  
  67  5:16  Sentry  
Tags
 
Add a new tag
Caveats
  • Supply blocks, unpowered buildings, or Contaminate may cause inaccurate times.
  • Supply counts are checked every 10 seconds.